 Dungeon Crawl Stone Soup version 0.29-b1-5-gddc7ae1da1 (webtiles) character file.

Game seed: 17381537180668865781

180 funkygono the Firebug (level 5, 0/28 HPs)
             Began as a Gargoyle Fire Elementalist on Aug 22, 2022.
             Slain by an orc
             ... wielding a +0 hand axe
              (3 damage)
             ... on level 4 of the Dungeon.
             The game lasted 00:06:05 (4250 turns).

funkygono the Firebug (Gargoyle Fire Elementalist)  Turns: 4250, Time: 00:06:05

Health: 0/28       AC: 10    Str: 11    XL:     5   Next: 60%
Magic:  3/10       EV: 12    Int: 18    God:
Gold:   141        SH:  0    Dex: 10    Spells: 0/10 levels left

rFire   . . .      SeeInvis .   z - +2 flail (holy)
rCold   . . .      Faith    .   (no shield)
rNeg    + . .      Spirit   .   a - +0 robe
rPois   ∞          Reflect  .   (no helmet)
rElec   +          Harm     .   C - +1 cloak
rCorr   .          Rampage  .   i - +1 pair of gloves
Will    .....                   (no boots)
Stlth   ++........              (no amulet)
HPRegen 0.09/turn               (no ring)
MPRegen 0.12/turn               (no ring)

@: no status effects
A: sickness immunity, AC +4, negative energy resistance 1, electricity
resistance, torment resistance 1, petrification resistance
a: no special abilities


You were on level 4 of the Dungeon.
You visited 2 branches of the dungeon, and saw 5 of its levels.

You collected 141 gold pieces.

Inventory:

Hand Weapons
 g - a +0 club
 y - a +0 whip
 z - a +2 flail of holy wrath (weapon)
 B - a +2 quarterstaff of chaos
Armour
 a - a +0 robe (worn)
 i - a +1 pair of gloves (worn)
 o - a +2 tower shield
 C - a +1 cloak (worn)
Wands
 t - a wand of roots (8)
Scrolls
 d - a scroll of poison
 j - 2 scrolls of teleportation
 v - a scroll of immolation
Potions
 b - a potion of magic
 c - 4 potions of curing
 e - a potion of berserk rage {unknown}
 k - a potion of might {unknown}
 q - a potion of brilliance {unknown}
 s - a potion of heal wounds {unknown}
 u - a potion of mutation {unknown}
 w - a potion of invisibility {unknown}
 x - a potion of cancellation {unknown}
 A - a potion of lignification {unknown}


   Skills:
 + Level 0.2 Fighting
 + Level 0.1 Maces & Flails
 + Level 1.8 Dodging
 + Level 2.7 Stealth
 + Level 3.4 Spellcasting
 + Level 2.2 Conjurations
 + Level 4.3 Fire Magic


You couldn't memorise any spells.
You knew the following spells:

 Your Spells              Type           Power      Damage    Failure   Level
a - Foxfire               Conj/Fire      60%        2x1d7     4%          1
b - Scorch                Fire           36%        2d7       4%          2
c - Conjure Flame         Conj/Fire      15%        6-21      12%         3
d - Flame Wave            Conj/Fire      15%        2d7       36%         4

Your spell library contained the following spells:

 Spells                   Type           Power      Damage    Failure   Level
 Inner Flame              Hex/Fire       10%        N/A       19%         3
 Ignite Poison            Fire/Tmut/Pois 8%         N/A       26%         3
 Mephitic Cloud           Conj/Pois/Air  5%         N/A       34%         3
 Freezing Cloud           Conj/Ice/Air   2%         6-21      97%         5


Dungeon Overview and Level Annotations

Branches:
Dungeon (4/15)             Temple (1/1) D:4

Altars:
Ashenzari
Cheibriados
Dithmenos
Elyvilon
Fedhas
Gozag
Hepliaklqana
Kikubaaqudgha
Makhleb
Nemelex Xobeh
Okawaru
Ru
Sif Muna
Trog
Yredelemnul
Zin
The Shining One

Shops:
D:3 [


Innate Abilities, Weirdness & Mutations

You are immune to sickness and miasma.
Your stone body is resilient. (AC +4)
You are immune to poison.
You resist negative energy. (rN+)
You are resistant to electric shocks. (rElec)
You are resistant to unholy torment.
You are immune to petrification.


Message History

Casting: Foxfire (safe; 4% risk of failure)
Confirm with . or Enter, or press ? or * to list all spells.
Flames lash the iguana.
The iguana is heavily wounded.
The iguana's fire resistance burns away.
The iguana bites you but does no damage.
Casting: Scorch (safe; 4% risk of failure)
Confirm with . or Enter, or press ? or * to list all spells.
Flames lash the orc.
The orc is moderately wounded.
The orc's fire resistance burns away.
The iguana bites you.
Casting: Scorch (safe; 4% risk of failure)
Confirm with . or Enter, or press ? or * to list all spells.
Flames lash the iguana.
The iguana is burned terribly!
The iguana is severely wounded.
The iguana bites you!
Casting: Scorch (safe; 4% risk of failure)
Confirm with . or Enter, or press ? or * to list all spells.
Flames lash the iguana.
The iguana is burned terribly!
You kill the iguana!
Unknown command.
You hit the orc but do no damage.
The orc is moderately wounded.
The orc is no longer more vulnerable to fire.
The orc hits you with a +0 hand axe.
* * * LOW HITPOINT WARNING * * *
You hit the orc.
The orc is severely wounded.
The orc closely misses you.
You hit the orc but do no damage.
The orc is heavily wounded.
The orc barely misses you. The orc hits you but does no damage.
You barely miss the orc.
The orc is heavily wounded.
The orc hits you with a +0 hand axe.
* * * LOW HITPOINT WARNING * * *
You closely miss the orc.
The orc is heavily wounded.
The orc hits you with a +0 hand axe.
You die...

#)# ##...## #.### ##.....##
#.#.## ##.......##
#....####.........#
#.......'.........+
#....####.........# #.#.##
##.......##.... ##.###
##.....## #.. #..# ##..@##
##.## #.## ##o## #...# #.#
#.# #.⌠.# #<#
#.#####...#### #.#
##.##.........# #.#######
##...#.⌠..>..⌠.#
#.#.....####..............#
#.#..............###...####
#....##.######)### #.⌠.#


You could see an orc.

Vanquished Creatures
  Crazy Yiuf (D:3)
  Jessica (D:3)
  An iguana (D:4)
  3 adders (D:3)
  A worm (D:2)
  2 dart slugs (D:2)
  7 orcs
  6 ball pythons
  5 bats
  5 endoplasms
  2 giant cockroaches (D:2)
  6 goblins
  3 hobgoblins
  5 kobolds
  6 frilled lizards
  8 rats
62 creatures vanquished.

Vanquished Creatures (others)
  172 foxfires
  4 fungi (D:3)
176 creatures vanquished.

Grand Total: 238 creatures vanquished

Notes
Turn   | Place    | Note
-------+----------+-------------------------------------------
     0 | D:1      | funkygono the Gargoyle Fire Elementalist began the quest
                  | for the Orb.
     0 | D:1      | Reached XP level 1. HP: 10/10 MP: 3/3
   206 | D:1      | Reached XP level 2. HP: 15/15 MP: 0/5
   209 | D:1      | Learned a level 2 spell: Scorch
   879 | D:1      | Reached XP level 3. HP: 17/19 MP: 1/6
   883 | D:1      | Learned a level 3 spell: Conjure Flame
  1696 | D:2      | Found an opulent altar of Gozag.
  2061 | D:2      | Reached skill level 4 in Fire Magic
  2350 | D:3      | Noticed Jessica
  2355 | D:3      | Killed Jessica
  2356 | D:3      | Reached XP level 4. HP: 24/24 MP: 1/8
  3346 | D:3      | Found Vimycs's Antique Armour Shoppe.
  3436 | D:3      | Reached XP level 5. HP: 28/28 MP: 6/9
  3482 | D:3      | Learned a level 4 spell: Flame Wave
  3703 | D:3      | Found an iron altar of Okawaru.
  3784 | D:3      | Found a runed translucent door.
  3785 | D:3      | Noticed Crazy Yiuf
  3791 | D:3      | Killed Crazy Yiuf
  3960 | D:4      | Found a staircase to the Ecumenical Temple.
  3969 | Temple   | Entered the Ecumenical Temple
  4250 | D:4      | Slain by an orc

Illustrated notes

Levels and vault maps discovered:
D:1:      ebering_trefoil_twist, layout_loops_corners, serial_park_tiny_1
D:2:      layout_basic, basic_altar, corexii_hall_statues_u,
          ebering_dispersal_statue_hall
D:3:      layout_basic, okawaru_metal_pillars_1_2, serial_shops,
          nicolae_shop_advertising_works [nicolae_subvault_shop_adworks],
          minmay_misc_feat_hallway, uniq_crazy_yiuf_cottage, uniq_jessica
D:4:      layout_loops_corners, minmay_temple_entry_junction,
          minmay_increasing_density
Temple:   regret_index_temple_sphere_string

Skill      XL: |  1  2  3  4 |
---------------+-------------+-----
Fire Magic     | 4 |  4.3
Spellcasting   | 3 |  3.4
Conjurations   | 2 |  2.2
Fighting       | |  0.2
Maces & Flails | |  0.1
Dodging        | |  1.8
Stealth        | |  2.7

Action                   |  1- 3 |  4- 6 || total
-------------------------+-------+-------++-------
Melee: Club              |     3 |    11 ||    14
       Flail             |       |    15 ||    15
 Cast: Foxfire           |    73 |    26 ||    99
       Scorch            |     2 |    11 ||    13
  Use: Scroll            |       |    11 ||    11
 Stab: Sleeping          |     1 |       ||     1
Armor: Robe              |     2 |    21 ||    23
Dodge: Dodged            |    19 |    35 ||    54
